 Dungeon Sprint DCSS version 0.24-a0-539-g6aae15e (webtiles) character file.

Game seed: 7473383457502083722

725 silentkaos13 the Unseen (level 8, -4/50 HPs)
             Began as a Kobold Assassin on Aug 18, 2019.
             Was an Initiate of Dithmenos.
             Killed by divine providence
             ... invoked by a smoke demon
             ... summoned by a kobold demonologist
              (14 damage)
             ... in the Dungeon (Sprint I: "Red Sonja").
             The game lasted 00:01:46 (375 turns).

silentkaos13 the Unseen (Kobold Assassin)            Turns: 375, Time: 00:01:47

Health: -4/50      AC:  5    Str:  9    XL:     8   Next: 2%
Magic:  8/8        EV: 17    Int: 12    God:    Dithmenos [......]
Gold:   405        SH:  0    Dex: 18    Spells: 7/7 levels left

rFire    . . .     SeeInvis .   a - +2 dagger
rCold    . . .     Gourm    .   (shield restricted)
rNeg     . . .     Faith    .   m - +1 robe {MR+}
rPois    .         Spirit   .   n - +0 helmet
rElec    .         Reflect  .   c - +0 cloak
rCorr    .         Harm     +   (no gloves)
MR       +....     NoTele   +   (no boots)
Stlth    +++++++...             o - amulet of harm
HPRegen  0.16/turn              (no ring)
MPRegen  0.11/turn              (no ring)

@: no status effects
A: small, carnivore
a: Renounce Religion


You were in the Dungeon.
You worshipped Dithmenos.
Dithmenos was noncommittal.
You were very full.

You visited 1 branch You collected 405 gold pieces.

Inventory:

Hand Weapons
 a - a +2 dagger (weapon)
Missiles
 d - 4 poisoned darts (quivered)
 e - a curare-tipped dart
Armour
 b - a +0 robe
 c - a +0 cloak (worn)
 m - a +1 robe of magic resistance (worn)
 n - a +0 helmet (worn)
Jewellery
 o - an amulet of harm (around neck)
Scrolls
 l - a scroll of blinking
Potions
 g - a potion of curing
 h - a potion of heal wounds
 i - a potion of haste
 j - 2 potions of magic
 k - a potion of berserk rage
Comestibles
 f - a ration


   Skills:
 + Level 5.5 Fighting
 + Level 7.4 Short Blades
 + Level 7.6 Throwing
 + Level 4.2 Dodging
 + Level 17.3 Stealth


You had 7 spell levels left.
You didn't know any spells.
Your spell library was empty.

Dungeon Overview and Level Annotations

Branches:
Dungeon (1/1)

Altars:
Cheibriados
Dithmenos
Elyvilon
Fedhas
Gozag
Hepliaklqana
Kikubaaqudgha
Makhleb
Nemelex Xobeh
Okawaru
Qazlal
Ru
Sif Muna
Trog
Uskayaw
Vehumet
Wu Jian
Xom
Yredelemnul
Zin
The Shining One
Jiyva
Lugonu

Shops:
D [


Innate Abilities, Weirdness & Mutations

You are small and have problems with some larger weapons.
You are carnivorous and can eat meat at any time.


Message History

The kobold demonologist begins to cast a cantrip, but forgets the words!
You miss the kobold demonologist.
The kobold demonologist is heavily wounded.
You hit the kobold demonologist but do no damage.
The kobold demonologist is severely wounded.
The kobold demonologist miscasts a cantrip.
You hit the kobold demonologist.
The kobold demonologist is severely wounded.
The kobold demonologist misses you.
You hit the kobold demonologist.
The kobold demonologist is severely wounded.
You miss the kobold demonologist.
The kobold demonologist is severely wounded.
The kobold demonologist hits you with a +0 dagger.
* * * LOW HITPOINT WARNING * * *
You hit the kobold demonologist but do no damage.
The kobold demonologist is severely wounded.
The smoke demon gestures at you. Something smites you!
You die...

######################
#<.#..K43#.)'.5#3_#.3'
#..).@#.)'34#§.§(553K#
#..#####'#####'#__####
#..####..#...#.#### #
#..#__####..##(#
#..#_____##'#_.+
#⌠⌠#_.∩...'..._#
####_..__##_.#'#
#_____###+#.# #######
###


You could see an ice devil, a kobold demonologist and a smoke demon.

Vanquished Creatures
  A slime creature (D)
  Sigmund (D)
  A yak (D)
  A floating eye (D)
  An ogre (D)
  A jelly (D)
  Ijyb (D)
7 creatures vanquished.

Notes
Turn   | Place    | Note
-------+----------+-------------------------------------------
     0 | D        | silentkaos13 the Kobold Assassin began the quest for the
                  | Orb.
     0 | D        | Reached XP level 1. HP: 12/12 MP: 1/1
     1 | D        | Noticed Ijyb
    29 | D        | Killed Ijyb
    29 | D        | Reached skill level 8 in Stealth
    29 | D        | Reached XP level 2. HP: 13/18 MP: 2/2
    29 | D        | Reached XP level 3. HP: 16/22 MP: 3/3
   108 | D        | Noticed an ogre
   111 | D        | Killed an ogre
   111 | D        | Reached skill level 11 in Stealth
   111 | D        | Reached XP level 4. HP: 28/28 MP: 4/4
   111 | D        | Reached XP level 5. HP: 32/32 MP: 5/5
   228 | D        | Noticed Sigmund
   231 | D        | Killed Sigmund
   231 | D        | Reached skill level 5 in Short Blades
   231 | D        | Reached skill level 14 in Stealth
   231 | D        | Reached XP level 6. HP: 39/39 MP: 6/6
   254 | D        | Found an ornate altar of the Wu Jian Council.
   254 | D        | Found a shimmering blue altar of Sif Muna.
   256 | D        | Found a radiant altar of Vehumet.
   296 | D        | Found Ethoojas's Antique Armour Emporium.
   296 | D        | Found an ancient bone altar of Kikubaaqudgha.
   296 | D        | Found a hazy altar of Hepliaklqana.
   296 | D        | Found a stormy altar of Qazlal.
   296 | D        | Found a hide-covered altar of Uskayaw.
   296 | D        | Found a blossoming altar of Fedhas.
   296 | D        | Found a bloodstained altar of Trog.
   296 | D        | Found an iron altar of Okawaru.
   296 | D        | Found a basalt altar of Yredelemnul.
   296 | D        | Found a glowing golden altar of the Shining One.
   296 | D        | Found a snail-covered altar of Cheibriados.
   296 | D        | Found a sacrificial altar of Ru.
   296 | D        | Found a glowing silver altar of Zin.
   296 | D        | Found a shadowy altar of Dithmenos.
   296 | D        | Found a white marble altar of Elyvilon.
   296 | D        | Noticed a yak
   297 | D        | Found an opulent altar of Gozag.
   298 | D        | Killed a yak
   298 | D        | Reached skill level 15 in Stealth
   298 | D        | Reached XP level 7. HP: 44/44 MP: 7/7
   299 | D        | Found a sparkling altar of Nemelex Xobeh.
   306 | D        | Became a worshipper of Dithmenos the Shadowed
   321 | D        | Found a burning altar of Makhleb.
   321 | D        | Found a viscous altar of Jiyva.
   321 | D        | Found a shimmering altar of Xom.
   321 | D        | Found a corrupted altar of Lugonu.
   321 | D        | Noticed a slime creature
   324 | D        | Killed a slime creature
   324 | D        | Reached skill level 5 in Fighting
   324 | D        | Reached skill level 16 in Stealth
   336 | D        | Noticed a kobold demonologist
   337 | D        | Noticed a kobold demonologist
   339 | D        | Reached skill level 17 in Stealth
   339 | D        | Reached XP level 8. HP: 50/50 MP: 8/8
   341 | D        | Noticed a sun demon
   350 | D        | Noticed a rust devil
   353 | D        | Noticed a smoke demon
   353 | D        | Noticed a smoke demon
   362 | D        | Noticed an ice devil
   375 | D        | Killed from afar by a smoke demon

Levels and vault maps discovered:
D:        dungeon_sprint_1 [red_sonja_temple_1, red_sonja_temple_small_1]

Skill      XL: |  1  2  3  4  5  6  7 |
---------------+----------------------+-----
Short Blades   | 3 4 5 6 7 |  7.4
Throwing       | 3 4 6 7 |  7.6
Stealth        | 8 11 14 15 17 | 17.3
Fighting       | 3 4 5 |  5.5
Dodging        | 2 3 4 |  4.2

Action                   |  1- 3 |  4- 6 |  7- 9 || total
-------------------------+-------+-------+-------++-------
Melee: Dagger            |    20 |     3 |    14 ||    37
Throw: Dart              |     9 |       |     3 ||    12
 Stab: Sleeping          |     1 |     3 |     2 ||     6
  Eat: Chunk             |       |     5 |       ||     5
Armor: Robe              |     5 |       |     1 ||     6
Dodge: Dodged            |     9 |       |     5 ||    14

Table legend:
 A = Non-vault XP
 B = Vault XP
 C = Vault XP percentage of total XP
 D = Non-vault monster count
 E = Vault monster count
 F = Vault count percentage of total count
                 A         B        C        D         E       F
            +---------+---------+-------+---------+---------+-------
      Total |       0 |    1037 | 100.0 |       0 |       7 | 100.0
            +---------+---------+-------+---------+---------+-------
          D |       0 |    1037 | 100.0 |       0 |       7 | 100.0
            +---------+---------+-------+---------+---------+-------
